 Dungeon Crawl Stone Soup version 0.29-a0-886-gfb1a3fa8b1 (webtiles) character file.

Game seed: 13946537888803560407

9 RepoMan the Vexing (level 2, -5/16 HPs)
             Began as a Deep Elf Arcane Marksman on July 21, 2022.
             Slain by a goblin
             ... wielding a +0 club
             ... led by Robin
              (6 damage)
             ... on level 2 of the Dungeon.
             The game lasted 00:04:59 (274 turns).

RepoMan the Vexing (Deep Elf Arcane Marksman)        Turns: 274, Time: 00:04:59

Health: -5/16      AC:  2    Str:  7    XL:     2   Next: 3%
Magic:  5/6        EV: 12    Int: 17    God:
Gold:   12         SH:  0    Dex: 15    Spells: 3/4 levels left

rFire   . . .      SeeInvis .   y - +0 sling
rCold   . . .      Faith    .   (no shield)
rNeg    . . .      Spirit   .   c - +0 robe
rPois   .          Reflect  .   (no helmet)
rElec   .          Harm     .   (no cloak)
rCorr   .          Rampage  .   (no gloves)
Will    .....                   (no boots)
Stlth   +.........              (no amulet)
HPRegen 0.05/turn               (no ring)
MPRegen 0.10/turn               (no ring)

@: about to teleport
A: no striking features
a: no special abilities


You were on level 2 of the Dungeon.
You visited 1 branch of the dungeon, and saw 2 of its levels.

You collected 12 gold pieces.

Inventory:

Hand Weapons
 y - a +0 sling (weapon)
Missiles
 a - a poisoned dart
Armour
 c - a +0 robe (worn)
Scrolls
 b - a scroll of vulnerability


   Skills:
 - Level 0.7 Fighting
 * Level 3.8 Ranged Weapons
 - Level 2.4 Dodging
 - Level 1.5 Spellcasting
 - Level 4.0 Hexes


You had 3 spell levels left.
You knew the following spells:

 Your Spells              Type           Power      Damage    Failure   Level
w - Slow                  Hex            56%        N/A       4%          1

Your spell library contained the following spells:

 Spells                   Type           Power      Damage    Failure   Level
 Inner Flame              Hex/Fire       8%         N/A       26%         3
 Portal Projectile        Hex/Tloc       16%        N/A       26%         3
 Cause Fear               Hex            7%         N/A       36%         4


Dungeon Overview and Level Annotations

Branches:
Dungeon (2/15)

Altars:

Annotations:
D:2 Robin


Message History

Aim: a giant cockroach (chance to affect: 71%)
The giant cockroach seems to slow down.
The giant cockroach bites you but does no damage.
A goblin comes into view. It is wielding a +0 dagger.
Found a stone staircase leading up. 2 hobgoblins and 2 goblins come into view.
A goblin is wielding a +1 dagger of venom.
Found a runed helmet.
The hobgoblin shouts!
The goblin shouts!
The hobgoblin shouts!
You hear a shout! x3
A goblin comes into view. It is wielding a +0 club.
The goblin shouts!
Robin and a goblin come into view.
Robin shouts!
The giant cockroach misses you.
Robin roars a battlecry!
The goblins go into a battle-frenzy!
A goblin comes into view. It is wielding a +0 dagger. x2
The goblin moves out of view.
You hear a shout!
A goblin comes into view. It is wielding a +0 dagger.
The goblin shouts! x2; You hear a shout!
A goblin comes into view. It is wielding a +0 dagger.
Robin throws the goblin at you!
* * * LOW HITPOINT WARNING * * *
You hear a shout!
You hear an angry hiss.
You see here a scroll labelled QOAHUH NEMI.
d - a scroll labelled QOAHUH NEMI The giant cockroach barely misses you.
The goblin hits you but does no damage.
As you read the scroll labelled QOAHUH NEMI, it crumbles to dust.
You feel strangely unstable.
It was a scroll of teleportation.
The hobgoblin barely misses you. The giant cockroach closely misses you.
The goblin closely misses you. The hobgoblin hits you.
* * * LOW HITPOINT WARNING * * *
The hobgoblin misses you.
Unknown command.
A ball python comes into view.
Found a scale mail.
The giant cockroach misses you. The goblin hits you with a +0 club.
You die...

.. ### ...... .....
..##....... ...#.
##.........S ....
.....gg.... ..#.
#.....g....
#.#.###.ggg#....
#.#....g.g..g#
###.##Sr.gggg# ###
#......#rBB@##
......#.###g..K..#
.....##.#..[r.......
....K.K...##.......[.
.....##.J##...##..#...#
.... #Z..#.#.# #...#.#
########........ ...# #
.≈..≈...g#....... [#.#
.##≈#≈.###......


You could see Robin, an endoplasm, a quokka (slow), 2 giant cockroaches, 3
hobgoblins, 10 goblins, 2 ball pythons, a kobold and 2 rats.

Vanquished Creatures
  2 endoplasms (D:1)
  2 giant cockroaches (D:1)
  A goblin (D:2)
  A quokka (D:1)
  A ball python (D:1)
7 creatures vanquished.

Notes
Turn   | Place    | Note
-------+----------+-------------------------------------------
     0 | D:1      | RepoMan the Deep Elf Arcane Marksman began the quest for
                  | the Orb.
     0 | D:1      | Reached XP level 1. HP: 11/11 MP: 5/5
   235 | D:2      | Reached XP level 2. HP: 9/16 MP: 6/6
   245 | D:2      | Found a faded altar of an unknown god.
   270 | D:2      | Noticed Robin
   274 | D:2      | Slain by a goblin

Illustrated notes

Levels and vault maps discovered:
D:1:      scummos_arrival_gate, layout_loops_ring
D:2:      layout_rooms, dreamdust_ecumenical_altar_drowned_temple, uniq_robin

Skill      XL: |  1 |
---------------+----+-----
Ranged Weapons | 3 |  3.8
Fighting       | |  0.7
Dodging        | |  2.4
Spellcasting   | |  1.5
Hexes          | |  4.0

Action                   || total
-------------------------++-------
 Fire: Sling             ||    30
Throw: Dart              ||     1
 Cast: Slow              ||    12
  Use: Scroll            ||     1
Armor: Robe              ||     8
Dodge: Dodged            ||    30

Table legend: (Time is in decaauts)
 A = Elapsed time spent in this place.
 B = Non-inter-level travel time spent in this place.
 C = Inter-level travel time spent in this place.
 D = Time resting spent in this place.
 E = Time spent auto-exploring this place.
 F = Levels seen in this place.
 G = Mean time per level.
                   A        B        C        D        E       F      G
               +--------+--------+--------+--------+--------+-----+--------+
         Total |    283 |    283 |      0 |      6 |     46 |   2 |  141.5 |
       Dungeon |    283 |    283 |      0 |      6 |     46 |   2 |  141.5 |
               +--------+--------+--------+--------+--------+-----+--------+

Top non-repeatable levels by time:
     D:1: 238 daAuts
     D:2: 44 daAuts
